 Dungeon Crawl Stone Soup version 0.31-a0-667-g39726597b9 (webtiles) character file.

Game seed: 11349604484052796831

30 Essalna the Conjurer (level 3, 26/26 HPs)
             Began as a Demonspawn Conjurer on Sept 4, 2023.
             Got out of the dungeon alive.
             The game lasted 00:02:12 (1375 turns).

Essalna the Conjurer (Demonspawn Conjurer)          Turns: 1375, Time: 00:02:13

Health: 26/26      AC:  6    Str:  7    XL:     3   Next: 5%
Magic:  6/6        EV: 12    Int: 21    God:
Gold:   50         SH:  0    Dex: 11    Spells: 6/7 levels left

rFire   . . .        c - +0 dagger
rCold   . . .        (no shield)
rNeg    . . .        a - +0 robe
rPois   .            (no helmet)
rElec   .            d - +0 cloak
rCorr   .            g - +2 pair of gloves
SInv    .            (no boots)
Will    .....        l - amulet of the acrobat
Stlth   ++           (no ring)
HPRegen 0.24/turn    (no ring)
MPRegen 0.10/turn

%: acrobat
@: no status effects
A: claws 1, spiny 1
a: no special abilities


You escaped.
You visited 1 branch of the dungeon, and saw 1 of its levels.

You collected 50 gold pieces.

Inventory:

Hand Weapons
 c - a +0 dagger (weapon)
Armour
 a - a +0 robe (worn)
 d - a +0 cloak (worn)
 g - a +2 pair of gloves (worn)
Jewellery
 i - an amulet of faith
 l - an amulet of the acrobat (around neck)
Scrolls
 e - a scroll of teleportation {unknown}
 h - a scroll of poison {unknown}
 k - a scroll of enchant armour {unknown}
 m - a scroll of identify {unknown}
Potions
 b - a potion of magic
 f - a potion of degeneration {unknown}
 j - a potion of curing {unknown}


   Skills:
 + Level 1.4 Fighting
 - Level 1.7 Dodging
 - Level 1.7 Stealth
 + Level 2.5 Spellcasting
 + Level 4.3 Conjurations


You had 6 spell levels left.
You knew the following spells:

 Your Spells              Type           Power      Damage    Failure   Level
a - Magic Dart            Conj           80%        1d7       2%          1

Your spell library contained the following spells:

 Spells                   Type           Power      Damage    Failure   Level
 Searing Ray              Conj           40%        2d5       3%          2
 Dazzling Flash           Conj/Hex       22%        N/A       17%         3
 Fulminant Prism          Conj/Hex       5%         3d7       50%         4
 Iskenderun's Mystic Bla  Conj/Tloc      11%        2d4       50%         4


Dungeon Overview and Level Annotations

Branches:
Dungeon (1/15)

Altars:


Innate Abilities, Weirdness & Mutations

You have sharp fingernails.
You are partially covered in sharp spines.


Message History

You feel clever. x2; Your demonic ancestry asserts itself...
Your fingernails lengthen.
Key pressed, stopping explore.
Key pressed, stopping explore.
A giant cockroach comes into view.
A giant cockroach is nearby!
A giant cockroach is nearby!
A giant cockroach is nearby!
The magic dart hits the giant cockroach!
You kill the giant cockroach!
You can't see any susceptible monsters within range! (Use Z to cast anyway.)
You can't see any susceptible monsters within range! (Use Z to cast anyway.)
You can't see any susceptible monsters within range! (Use Z to cast anyway.)
You see here a giant cockroach corpse.
Key pressed, stopping explore.
Key pressed, stopping explore.
You see here a +0 dagger.
Key pressed, stopping explore.
Key pressed, stopping explore.
Key pressed, stopping explore.
Key pressed, stopping explore.
Key pressed, stopping explore.
Key pressed, stopping explore.
Key pressed, stopping explore.
Key pressed, stopping explore.
Key pressed, stopping explore.
Key pressed, stopping explore.
There is a faded altar of an unknown god here.
Key pressed, stopping explore.
Key pressed, stopping explore.
You see here a +0 robe.
Partly explored, can't reach some places.
Partly explored, can't reach some places.
Partly explored, can't reach some places.
Partly explored, can't reach some places.
You see here a +0 robe.
There is a faded altar of an unknown god here.
There is an escape hatch in the floor here.
There is a staircase leading out of the dungeon here.
You have escaped!

# ##..........#...#..# ######## #
###.########.8.#.## # # #.#
#...#.############# #
#.########.8.#.............. #
#........#...############### ###
#.########.8.###### ..# #.#
#.............# #.# #.#
#(............# #.# #.#
#......@......# #.# #.#
#........(....######## #.####.#
#.............#......### #...)..#
####################....
######.#########.################
#.......................####
#######################.....
######


There were no monsters in sight!

Vanquished Creatures
  2 ball pythons (D:1)
  2 endoplasms (D:1)
  A giant cockroach (D:1)
  2 goblins (D:1)
  A hobgoblin (D:1)
  4 jackals (D:1)
  2 quokkas (D:1)
  6 bats (D:1)
  A frilled lizard (D:1)
  3 kobolds (D:1)
  3 rats (D:1)
27 creatures vanquished.

Notes
Turn   | Place    | Note
-------+----------+-------------------------------------------
     0 | D:1      | Essalna the Demonspawn Conjurer began the quest for the
                  | Orb.
     0 | D:1      | Reached XP level 1. HP: 13/13 MP: 3/3
   562 | D:1      | Gained mutation: You are partially covered in sharp spines.
                  | [demonic ancestry]
   562 | D:1      | Reached XP level 2. HP: 20/20 MP: 1/5
   654 | D:1      | Reached skill level 1 in Fighting
   830 | D:1      | Found a faded altar of an unknown god.
  1120 | D:1      | Gained mutation: You have sharp fingernails. [demonic
                  | ancestry]
  1120 | D:1      | Reached XP level 3. HP: 26/26 MP: 4/6
  1375 | D:$      | Got out of the dungeon alive.

Illustrated notes

Levels and vault maps discovered:
D:1:      lemuel_arrival_hallway, layout_loops_ring,
          shapermc_ecumenical_altar_gd

Skill      XL: |  1  2 |
---------------+-------+-----
Fighting       | 1 |  1.4
Dodging        | |  1.7
Stealth        | |  1.7
Spellcasting   | |  2.5
Conjurations   | |  4.3

Action                     || total
---------------------------++-------
  Melee: Dagger            ||    25
         Punch             ||     1
   Cast: Magic Dart        ||    36
    Use: Scroll            ||     1
   Stab: Sleeping          ||     1
 Armour: Robe              ||    16
  Dodge: Dodged            ||    23

Table legend: (Time is in decaauts)
 A = Elapsed time spent in this place.
 B = Non-inter-level travel time spent in this place.
 C = Inter-level travel time spent in this place.
 D = Time resting spent in this place.
 E = Time spent auto-exploring this place.
 F = Levels seen in this place.
 G = Mean time per level.
                   A        B        C        D        E       F      G
               +--------+--------+--------+--------+--------+-----+--------+
         Total |   1374 |   1317 |     57 |      0 |   1088 |   1 | 1374.0 |
       Dungeon |   1374 |   1317 |     57 |      0 |   1088 |   1 | 1374.0 |
               +--------+--------+--------+--------+--------+-----+--------+

Top non-repeatable levels by time:
     D:1: 1374 daAuts
